 Dungeon Crawl Stone Soup version 0.28.0-43-g3370ac3207 (webtiles) character file.

Game seed: 61887754953197905

534627 4FPSwarrior the Slayer (level 24, -20/208 HPs)
             Began as a Demonspawn Fire Elementalist on Feb 26, 2022.
             Was the Champion of Vehumet.
             Demolished by a golden dragon (48 damage)
             ... on level 1 of the Realm of Zot on Feb 28, 2022.
             The game lasted 08:11:23 (111376 turns).

4FPSwarrior the Slayer (DsFE)                     Turns: 111376, Time: 08:11:23

Health: -20/208    AC: 19    Str: 14      XL:     24   Next: 54%
Magic:  41/41      EV: 25    Int: 24 (26) God:    Vehumet [******]
Gold:   2607       SH:  0    Dex: 22      Spells: 10/52 levels left

rFire   . . .      SeeInvis +   u - +5 demon blade (freeze)
rCold   + + +      Faith    .   (no shield)
rNeg    . . .      Spirit   .   o - quicksilver dragon scales
rPois   .          Reflect  .   M - +2 hat {SInv}
rElec   +          Harm     .   e - scarf {repulsion}
rCorr   +          Rampage  .   (gloves unavailable)
Will    ++++.                   a - +2 pair of boots
Stlth   ++........              v - amulet of regeneration
HPRegen 1.24/turn               q - ring "Apuinuq" {rElec rF- rC+++ Will++ rCorr}
MPRegen 0.27/turn               n - ring of Qidech {rF+ Int+6 Dex+5}

@: about to teleport, on berserk cooldown, slowed, studying 2 skills, repel
missiles, very slow
A: powered by death 3, sturdy frame 3, demonic magic 2, corrupting presence 2,
demonic touch 3
}: 3/15 runes: barnacled, silver, gossamer
a: Renounce Religion


You were on level 1 of the Realm of Zot.
You worshipped Vehumet.
Vehumet was exalted by your worship.
You visited 9 branches of the dungeon, and saw 44 of its levels.
You visited the Abyss 1 time.
You visited 1 ziggurat, and saw 7 of its levels.
You also visited: Trove, Bailey, Gauntlet and Ice Cave.

You collected 7752 gold pieces.
You spent 5145 gold pieces at shops.

Inventory:

Hand Weapons
 t - the +11 plutonium sword {Contam Stlth-}
   (You took it off a deep elf death mage on level 3 of the Elven Halls)

   It occasionally inflicts wild transmutation effects on those it strikes,
   inflicting malmutation or extra damage, or polymorphing them into a new form.
   Contam:    It causes magical contamination when unequipped.
   Stlth:     It makes you less stealthy.
 u - a +5 demon blade of freezing (weapon)
 y - the +4 long sword "Jeont" {freeze, rPois rF+ Int+2}
   (You found it on level 3 of the Spider Nest)

   It freezes those it strikes, dealing additional cold damage.
   It can also slow down cold-blooded creatures.
   Int:       It affects your intelligence (+2).
   rF:        It protects you from fire.
   rPois:     It protects you from poison.
 D - a +5 triple sword of protection
 L - the +4 long sword of the Red Skies {pain, Int+4}
   (You found it on level 3 of the Elven Halls)

   In the hands of one skilled in necromantic magic, it inflicts extra damage on
   living creatures.
   Int:       It affects your intelligence (+4).
 U - the +7 falchion "Toidwe" {elec, rF+ Str+3 Int+2 Stlth+}
   (You found it on level 3 of the Shoals)

   It occasionally discharges a powerful burst of electricity upon striking a
   foe.
   Str:       It affects your strength (+3).
   Int:       It affects your intelligence (+2).
   rF:        It protects you from fire.
   Stlth:     It makes you more stealthy.
Missiles
 V - 4 throwing nets
Armour
 a - a +2 pair of boots (worn)
 e - a scarf of repulsion (worn)
 o - quicksilver dragon scales (worn)
 F - a +2 helmet of intelligence
 M - a +2 hat of see invisible (worn)
 Y - a +2 pair of boots of flying
Jewellery
 l - the ring "Tayteast" {rElec rPois rF+ Str-4}
   (You took it off a merfolk siren on level 4 of the Shoals)

   [ring of protection from fire]

   Str:       It affects your strength (-4).
   rF:        It protects you from fire.
   rElec:     It insulates you from electricity.
   rPois:     It protects you from poison.
 n - the ring of Qidech (right hand) {rF+ Int+6 Dex+5}
   (You found it in a treasure trove)

   [ring of intelligence]

   Int:       It affects your intelligence (+6).
   Dex:       It affects your dexterity (+5).
   rF:        It protects you from fire.
 q - the ring "Apuinuq" (left hand) {rElec rF- rC+++ Will++ rCorr}
   (You found it in a treasure trove)

   [ring of resist corrosion]

   rF:        It makes you vulnerable to fire.
   rC:        It renders you almost immune to cold.
   rElec:     It insulates you from electricity.
   rCorr:     It protects you from acid and corrosion.
   Will:      It greatly increases your willpower.
 s - the ring "Awo Moe" {Will+ Dex+6}
   (You found it in a treasure trove)

   [ring of dexterity]

   Dex:       It affects your dexterity (+6).
   Will:      It increases your willpower.
 v - an amulet of regeneration (around neck)
 x - a ring of resist corrosion
 A - a +4 ring of protection
 G - the ring of Hezac {Fly rN+}
   (You took it off a deep elf master archer on level 3 of the Elven Halls)

   [ring of flight]

   rN:        It protects you from negative energy.
   Fly:       It grants you flight.
 Z - the ring "Mosox" {Fly Str+4}
   (You found it on level 5 of the Vaults)

   [ring of flight]

   Str:       It affects your strength (+4).
   Fly:       It grants you flight.
Wands
 C - a wand of digging (20)
 I - a wand of iceblast (18)
 S - a wand of flame (44)
 W - a wand of acid (8)
Scrolls
 d - 9 scrolls of fog
 g - 3 scrolls of magic mapping
 i - 6 scrolls of fear
 j - 8 scrolls of enchant armour
 m - 2 scrolls of enchant weapon
 r - 4 scrolls of silence
 z - 11 scrolls of vulnerability
 B - 2 scrolls of teleportation
 P - 6 scrolls of amnesia
 R - a scroll of brand weapon
Potions
 b - 3 potions of haste
 c - a potion of magic
 f - 5 potions of berserk rage
 h - 4 potions of brilliance
 k - 7 potions of heal wounds
 p - 18 potions of curing
 w - 9 potions of mutation
 H - 10 potions of resistance
 J - 2 potions of might
 K - 2 potions of invisibility
 N - 3 potions of ambrosia
 O - 3 potions of cancellation
 Q - 7 potions of flight


   Skills:
 * Level 21.2 Fighting
 + Level 12.0 Long Blades
 + Level 11.5 Armour
 + Level 15.5 Dodging
 - Level 1.7 Stealth
 - Level 2.2 Shields
 * Level 14.9 Spellcasting
 + Level 15.9 Conjurations
 + Level 13.4 Necromancy
 - Level 3.0 Translocations
 - Level 10.1 Transmutations
 + Level 12.5 Fire Magic
 - Level 6.0 Ice Magic
 - Level 4.0 Air Magic
 + Level 11.7 Earth Magic
 - Level 10.0 Poison Magic


You had 10 spell levels left.
You knew the following spells:

 Your Spells              Type           Power      Damage    Failure   Level
a - Fireball              Conj/Fire      36%        3d15      1%          5
b - Olgreb's Toxic Radia  Pois           60%        N/A       1%          4
c - Starburst             Conj/Fire      36%        6d11      1%          6
d - Iron Shot             Conj/Erth      35%        9d7       1%          6
e - Freezing Cloud        Conj/Ice/Air   28%        6-21      1%          5
f - Eringya's Noxious Bo  Tmut/Pois      30%        N/A       2%          6
g - Borgnjor's Vile Clut  Necr/Erth      33%        N/A       1%          5
h - Ignite Poison         Fire/Tmut/Pois 63%        N/A       1%          3
i - Blink                 Tloc           64%        N/A       1%          2

Your spell library contained the following spells:

 Spells                   Type           Power      Damage    Failure   Level
 Ignition                 Fire           33%        3d10      30%         8
 Fire Storm               Conj/Fire      36%        8d9       90%         9
 Polar Vortex             Ice            23%        N/A       100%        9
 Foxfire                  Conj/Fire      100%       2x1d9     0%          1
 Pain                     Necr           100%       1d9       0%          1
 Sting                    Tmut/Pois      100%       1d8       1%          1
 Corpse Rot               Necr/Air       100%       N/A       1%          2
 Ensorcelled Hibernation  Hex/Ice        64%        N/A       1%          2
 Poisonous Vapours        Pois/Air       100%       N/A       1%          2
 Scorch                   Fire           100%       2d10      1%          2
 Static Discharge         Conj/Air       60%        N/A       1%          2
 Sublimation of Blood     Necr           70%        N/A       1%          2
 Wereblood                Tmut           60%        N/A       1%          2
 Conjure Flame            Conj/Fire      72%        6-21      1%          3
 Inner Flame              Hex/Fire       48%        N/A       1%          3
 Mephitic Cloud           Conj/Pois/Air  60%        N/A       1%          3
 Ozocubu's Armour         Ice            46%        N/A       1%          3
 Spider Form              Tmut/Pois      60%        N/A       1%          3
 Stone Arrow              Conj/Erth      100%       3d13      1%          3
 Airstrike                Air            18%        N/A       1%          4
 Anguish                  Hex/Necr       25%        N/A       1%          4
 Flame Wave               Conj/Fire      72%        2d13      1%          4
 Hailstorm                Conj/Ice       63%        3d13      1%          4
 Ice Form                 Ice/Tmut       54%        N/A       1%          4
 Petrify                  Tmut/Erth      63%        N/A       1%          4
 Agony                    Necr           70%        N/A       1%          5
 Alistair's Intoxication  Tmut/Pois      40%        N/A       1%          5
 Blade Hands              Tmut           30%        N/A       1%          5
 Excruciating Wounds      Necr           35%        N/A       1%          5
 Irradiate                Conj/Tmut      34%        3d25      1%          5
 Iskenderun's Battlesphe  Conj           76%        2d12      1%          5
 Lee's Rapid Deconstruct  Erth           32%        3d18*     1%          5
 Lightning Bolt           Conj/Air       30%        1d47      1%          5
 Gell's Gravitas          Tloc           32%        N/A       2%          3
 Lesser Beckoning         Tloc           32%        N/A       2%          3
 Teleport Other           Tloc           32%        N/A       2%          3
 Leda's Liquefaction      Hex/Erth       23%        N/A       2%          4
 Summon Small Mammal      Summ           68%        N/A       3%          1
 Statue Form              Tmut/Erth      42%        N/A       5%          6
 Simulacrum               Ice/Necr       29%        N/A       9%          6
 Call Canine Familiar     Summ           17%        N/A       10%         3
 Confusing Touch          Hex            17%        N/A       10%         3
 Summon Guardian Golem    Hex/Summ       17%        N/A       10%         3
 Tukima's Dance           Hex            17%        N/A       10%         3
 Passage of Golubria      Tloc           32%        N/A       10%         4
 Summon Ice Beast         Ice/Summ       32%        N/A       10%         4
 Summon Lightning Spire   Summ/Air       27%        N/A       14%         4
 Lehudib's Crystal Spear  Conj/Erth      35%        10d9      19%         8
 Manifold Assault         Tloc           32%        N/A       26%         5
 Metabolic Englaciation   Hex/Ice        16%        N/A       26%         5
 Spellforged Servitor     Conj/Summ      27%        N/A       26%         7
 Silence                  Hex/Air        13%        N/A       36%         5
 Dragon Form              Tmut           30%        N/A       38%         7
 Summon Forest            Summ/Tloc      12%        N/A       43%         5
 Ozocubu's Refrigeration  Ice            23%        4d9       50%         7
 Summon Mana Viper        Hex/Summ       17%        N/A       65%         5
 Dispersal                Tloc           16%        N/A       82%         6
 Storm Form               Tmut/Air       25%        N/A       83%         7
 Summon Cactus Giant      Summ           8%         N/A       99%         6
 Shatter                  Erth           32%        3d26*     99%         9
 Malign Gateway           Summ/Tloc      12%        N/A       100%        7
 Monstrous Menagerie      Summ           8%         N/A       100%        7
 Summon Hydra             Summ           8%         N/A       100%        7
 Discord                  Hex            8%         N/A       100%        8
 Maxwell's Capacitive Co  Air            18%        ∞         100%        8
 Summon Horrible Things   Summ           8%         N/A       100%        8
 Chain Lightning          Conj/Air       30%        3d40      100%        9


Dungeon Overview and Level Annotations

Branches:
Dungeon (15/15)            Temple (0/1) D:5            Lair (6/6) D:9
 Shoals (4/4) Lair:4       Spider (4/4) Lair:2        Slime (0/5) Lair:5
    Orc (2/2) D:11            Elf (3/3) Orc:2        Vaults (5/5) D:14
  Crypt (0/3) Vaults:3     Depths (4/4) D:15            Zot (1/5) Depths:4
 Bailey (visited)           IceCv (visited)         Gauntlet (visited)

Altars:
Ashenzari
Cheibriados
Elyvilon
Fedhas
Hepliaklqana
Makhleb
Okawaru
Qazlal
Sif Muna
Trog
Uskayaw
Vehumet
Wu Jian
Xom
Zin
Beogh
Jiyva

Shops:
Orc:2 :[[*   Elf:1 *   Elf:2 :   Elf:3 ([   Shoals:2 *   Vaults:1 :
Vaults:3 [[   Depths:2 [

Portals:
Hell: Depths:1 Depths:2 Depths:3 Depths:4
Abyss: Depths:1 Depths:3
Pandemonium: Depths:2

Annotations:
Vaults:2 Dacon's ghost, adept MiGl


Innate Abilities, Weirdness & Mutations

You regenerate a lot of health from kills.
Your movements are significantly less encumbered by armour. (ER -6)
Spells you cast may paralyse nearby enemies.
Your presence sometimes corrodes or deforms those you injure.
Your touch may irresistibly damage your foes and sap their willpower.


Message History

You slash the storm dragon!
The storm dragon twists and deforms.
You freeze the storm dragon.
The storm dragon is lightly wounded.
The storm dragon closely misses you.
The storm dragon completely misses you. x2
The moth of wrath is engulfed in blazing flames.
The electric golem blinks!
The storm dragon misses you. The storm dragon closely misses you.
The storm dragon misses you.
You slice the storm dragon!!
Your corrupting presence corrodes the storm dragon!
You freeze the storm dragon.
The storm dragon is lightly wounded.
The electric golem blinks!
You slice the golden dragon!! You freeze the golden dragon.
The golden dragon is lightly wounded.
You completely miss the golden dragon.
The golden dragon is lightly wounded.
The storm dragon bites you but does no damage.
The storm dragon closely misses you. The storm dragon barely misses you.
The white draconian rages.
The golden dragon misses you. The golden dragon claws you!
The golden dragon barely misses you.
The golden dragon is engulfed in blazing flames.
The golden dragon rages.
The storm dragon misses you.
The storm dragon completely misses you. x2
The yellow draconian annihilator mumbles some strange words.
The yellow draconian annihilator blinks!
The death cob hits you. The death cob drains your vigour!
You feel as though you will be slow longer.
You are no longer berserk.
You are exhausted.
You feel as though you will be slow longer.
The golden dragon bites you!!!
* * * LOW HITPOINT WARNING * * *
The golden dragon misses you.
The golden dragon completely misses you.
The storm dragon bites you.
* * * LOW HITPOINT WARNING * * *
The storm dragon completely misses you. The storm dragon misses you.
The death cob completely misses you. The golden dragon bites you!!!
You die...

################
.......@z......?
.......DDD......
########.#######
#######yy.#
###....Dqyyd####
........ydzqy..#
.......8yy.yD..#
...98..q.y8....#
#..§...........#


You could see 2 golden dragons, 2 storm dragons, 2 draconians, 2 death cobs, a
red draconian scorcher and 8 moths of wrath.

Vanquished Creatures
  2 dread liches (Vaults:5)
  Sojobo (Vaults:2)
  Saint Roka (Vaults:2)
  Frederick (Vaults:4)
  Nikola (Vaults:1)
  2 golden dragons
  Rupert (D:15)
  10 tentacled monstrosities
  4 liches
  Jorgrun (D:14)
  A searing wretch (Zig:1)
  Asterion (Vaults:3)
  A quicksilver dragon (Vaults:4)
  2 acid blobs (Zig:7)
  2 deep elf blademasters (Elf:3)
  A walking frostbound tome (Depths:3)
  2 deep elf master archers (Elf:3)
  3 titans
  A sphinx (shapeshifter) (Depths:3)
  9 sphinxes
  A kraken (Shoals:3)
  5 tentacled starspawn
  7 tengu reavers
  4 storm dragons
  Kirke (D:15)
  8 shadow dragons
  A revenant (Abyss:5)
  3 fire giants
  2 azure jellies (Zig:6)
  A rockslime (Depths:3)
  7 deep elf sorcerers
  An iron dragon (Vaults:4)
  18 vault wardens
  4 emperor scorpions
  A draconian knight (Depths:4)
  The ghost of Zeus21348 the Severer, a journeyman HOMo of Beogh (Spider:1)
  7 frost giants
  5 ghost moths
  2 orc warlords (Vaults:1)
  A cacodemon (Depths:2)
  2 deep elf elementalists (Elf:3)
  Aizul (Spider:1)
  A curse skull (Vaults:2)
  26 ironbound preservers
  4 quicksilver oozes
  26 very ugly things
  5 war gargoyles
  3 broodmothers
  11 stone giants
  A stone giant (shapeshifter) (Zig:2)
  7 ironbound thunderhulks
  A spriggan defender (Depths:2)
  A draconian stormcaller (Depths:4)
  7 deep elf demonologists
  A vampire knight (Depths:2)
  2 black draconians (Depths:4)
  11 dire elephants
  Nessos (D:15)
  A purple draconian (Depths:4)
  4 entropy weavers
  5 spark wasps
  5 deep elf annihilators
  2 white draconians (Depths:4)
  A yellow draconian (Depths:4)
  9 deep elf death magi
  2 minotaurs
  8 ettins
  A crystal guardian (Vaults:4)
  2 merfolk javelineers
  2 jiangshi (Depths:2)
  20 yaktaur captains
  4 merfolk impalers
  2 deep elf high priests (Vaults:5)
  Josephine (D:13)
  2 naga warriors (Zig:5)
  2 rakshasas
  3 fire dragons
  A salamander tyrant (Zig:3)
  10 boulder beetles
  12 great orbs of eyes
  A quicksilver dragon skeleton (Vaults:3)
  26 vault guards
  13 hydras
  5 ice dragons
  3 catoblepae
  6 merfolk avatars
  5 spriggan air magi
  A juggernaut simulacrum (Abyss:3)
  An alligator snapping turtle (Shoals:2)
  13 centaur warriors
  2 peacekeepers
  3 two-headed ogres
  11 ironbound frosthearts
  2 merfolk aquamancers
  3 radroaches
  3 ogre magi (Vaults:5)
  10 satyrs
  7 dancing weapons
  10 deep troll earth magi
  3 death yaks
  4 tengu warriors
  The ghost of Zouniz Rihu the Cleaver, a novice DDFi of Makhleb (D:11)
  10 deep troll shamans
  A death knight (D:14)
  2 thrashing horrors (Abyss:5)
  A shock serpent (Zig:5)
  5 vampire magi
  2 naga sharpshooters
  8 spriggan berserkers
  16 hell knights
  13 deep elf knights
  Nergalle (Orc:1)
  A sun demon (Depths:2)
  A wretched star (Abyss:5)
  8 skeletal warriors
  3 pharaoh ants
  A golden dragon zombie (Vaults:3)
  A spectral anaconda (Lair:6)
  A spectral death yak (Lair:6)
  2 flayed ghosts
  A fire crab (shapeshifter) (D:14)
  55 deep trolls
  7 sea snakes
  A spatial maelstrom (Abyss:3)
  An orb spider (shapeshifter) (Depths:2)
  A death drake (shapeshifter) (Vaults:5)
  11 iron trolls
  3 steelbarb worms
  2 obsidian statues (Zig:5)
  5 glowing orange brains
  3 orange crystal statues
  19 ironbound convokers
  10 wizards
  11 orb spiders
  27 harpies
  7 necromancers
  22 deep elf zephyrmancers
  4 phantasmal warriors
  11 orc knights
  13 deep elf archers
  3 lindwurms
  29 deep elf pyromancers
  2 wolf spider zombies (D:13)
  16 manticores
  2 oklob plants (Lair:3)
  19 fauns
  53 ugly things
  23 wolf spiders
  A faun (shapeshifter) (Vaults:5)
  3 orc sorcerers
  A moth of wrath (shapeshifter) (Depths:3)
  A salamander (Zig:3)
  7 large abominations
  A moth of wrath (Spider:1)
  A dire elephant zombie (Lair:6)
  5 cyclopes
  A worldbinder (Abyss:5)
  6 merfolk sirens
  A guardian serpent (shapeshifter) (Vaults:5)
  An eye of devastation (shapeshifter) (D:13)
  Maurice (Orc:1)
  14 elephants
  3 water nymphs
  12 black mambas
  24 vault sentinels
  10 centaur zombies
  3 torpor snails
  4 ice statues
  3 gargoyles
  A cane toad (shapeshifter) (D:14)
  A torpor snail (shapeshifter) (Zig:2)
  15 cane toads
  A dire elephant skeleton (Lair:6)
  2 tengu conjurers (Depths:2)
  10 komodo dragons
  3 efreet
  4 rime drakes
  33 yaktaurs
  3 freezing wraiths
  An unseen horror (D:13)
  A kobold demonologist (D:10)
  2 very ugly thing simulacra (IceCv)
  A yaktaur (shapeshifter) (Elf:1)
  11 demonic crawlers
  A hellwing (Depths:2)
  3 ancient zymes
  3 red devils (Depths:2)
  An entropy weaver simulacrum (IceCv)
  A meliai (shapeshifter) (D:14)
  A queen bee (Lair:3)
  A tengu simulacrum (Vaults:2)
  10 meliai
  4 polar bears
  6 wind drakes
  21 hornets
  11 trolls
  41 slime creatures
  A sphinx simulacrum (Vaults:2)
  A raiju (Abyss:5)
  16 merfolk
  20 tarantellas
  6 dream sheep
  An ettin zombie (Vaults:3)
  A blink frog (shapeshifter) (Vaults:5)
  7 snapping turtles
  A raiju (shapeshifter) (D:14)
  A slime creature (shapeshifter) (Vaults:2)
  13 blink frogs
  17 jumping spiders
  A jumping spider (shapeshifter) (D:14)
  2 air elementals
  4 flying skulls
  A meliai zombie (D:13)
  4 spriggans
  A shadow (D:11)
  2 vampires
  13 water elementals
  6 wraiths
  11 culicivoras
  7 basilisks
  3 hogs (D:15)
  3 fire bats (Depths:1)
  4 chaos spawn
  A golden eye (Depths:3)
  7 wyverns
  58 yaks
  2 fire elementals
  The ghost of Lett1 the Conjurer, an amateur DrCj of Vehumet (D:5)
  A steam dragon (D:9)
  3 death yak simulacra (Lair:6)
  51 redbacks
  2 spectral cane toads (Lair:6)
  A small abomination (Zig:4)
  A warg (shapeshifter) (Vaults:4)
  3 acid dragons
  4 nagas
  3 wargs
  A demonic crawler simulacrum (IceCv)
  21 water moccasins
  5 hell hounds (Abyss:5)
  A floating eye (Depths:2)
  50 orc warriors
  An ice beast (D:6)
  A deep troll simulacrum (Vaults:3)
  4 ugly thing simulacra (IceCv)
  A black bear (shapeshifter) (D:14)
  3 black bears
  14 ogres
  The ghost of Ablot the Grasshopper, an amateur GnWr (D:3)
  15 centaurs
  6 boggarts
  6 wolves
  A phantom (D:4)
  2 elephant skeletons (Lair:6)
  3 kobold brigands
  2 gnoll sergeants
  11 bullfrogs
  6 scorpions
  2 water moccasin zombies
  A wyvern zombie (D:5)
  A cane toad simulacrum (Lair:6)
  7 earth elementals
  A wyvern skeleton (D:6)
  An elephant simulacrum (Lair:6)
  38 killer bees
  8 wights
  5 howler monkeys
  7 electric eels
  A bullfrog zombie (D:7)
  2 jellies
  4 lava snakes (Lair:6)
  3 starcursed masses (Zig:4)
  13 orc priests
  9 centaur skeletons
  2 bullfrog skeletons (D:5)
  A gnoll shaman (D:9)
  4 iguanas
  Natasha (thrice) (D:2)
  21 orc wizards
  6 hell rats (Lair:1)
  A killer bee zombie (D:5)
  2 howler monkey zombies
  Robin (D:3)
  26 gnolls
  2 howler monkey skeletons
  4 adders
  3 white imps
  2 ufetubi (D:5)
  An adder skeleton (D:5)
  A worm (shapeshifter) (Vaults:5)
  3 worms
  2 dart slugs
  78 orcs
  4 endoplasms
  5 giant cockroaches
  22 goblins
  12 hobgoblins
  2 quokkas
  8 ball pythons
  4 bats
  3 frilled lizards
  51 kobolds
  3 rats
  6 starspawn tentacles (Abyss:5)
  2 tentacles (Shoals:3)
2032 creatures vanquished.

Vanquished Creatures (collateral kills)
  6 foxfires (Lair:3)
6 creatures vanquished.

Vanquished Creatures (others)
  A deep elf knight (Elf:3)
  A demonic crawler simulacrum (IceCv)
  An orc (D:9)
  32 bushes (Lair:2)
  A demonic plant (Gauntlet)
  913 foxfires
  36 fungi
  141 plants
  16 starspawn tentacles
  2 tentacles (Shoals:3)
  11 toadstools (Lair:1)
  38 withered plants
1193 creatures vanquished.

Grand Total: 3231 creatures vanquished

Notes
Turn   | Place    | Note
-------+----------+-------------------------------------------
     0 | D:1      | 4FPSwarrior the Demonspawn Fire Elementalist began the
                  | quest for the Orb.
     0 | D:1      | Reached XP level 1. HP: 13/13 MP: 3/3
   112 | D:1      | Found a faded altar of an unknown god.
   775 | D:1      | Gained mutation: Your movements are slightly less
                  | encumbered by armour. (ER -2) [demonic ancestry]
   775 | D:1      | Reached XP level 2. HP: 20/20 MP: 1/5
   994 | D:1      | Learned a level 2 spell: Scorch
  1844 | D:1      | Reached skill level 1 in Fighting
  1916 | D:2      | Noticed Natasha
  2091 | D:2      | Killed Natasha
  2092 | D:2      | Reached XP level 3. HP: 26/26 MP: 1/6
  2158 | D:2      | Noticed Natasha
  2165 | D:2      | Killed Natasha
  2166 | D:2      | Reached XP level 4. HP: 33/33 MP: 1/8
  2441 | D:2      | Noticed Natasha
  2449 | D:2      | Killed Natasha
  2450 | D:2      | Reached skill level 2 in Fighting
  2635 | D:3      | Noticed Robin
  2929 | D:3      | Reached XP level 5. HP: 38/38 MP: 6/9
  3224 | D:3      | Found a bloodstained altar of Trog.
  3728 | D:3      | You fall into a shaft and drop 2 floors!
  3728 | D:5      | Entered Level 5 of the Dungeon
  3741 | D:5      | Gained mutation: You regenerate a little health from kills.
                  | [demonic ancestry]
  3741 | D:5      | Reached XP level 6. HP: 39/46 MP: 5/11
  3939 | D:4      | Reached skill level 3 in Fighting
  4467 | D:3      | Gained mutation: You regenerate health from kills. [demonic
                  | ancestry]
  4467 | D:3      | Reached XP level 7. HP: 48/52 MP: 9/12
  4476 | D:3      | Killed Robin
  4577 | D:3      | Found a runed translucent gate.
  4578 | D:3      | Found a runed translucent gate.
  4579 | D:3      | Found a runed translucent gate.
  4580 | D:3      | Noticed Ablot's ghost (amateur GnWr)
  4678 | D:3      | Found a burning altar of Makhleb.
  4678 | D:3      | Found a shimmering altar of Xom.
  4895 | D:4      | Found a blossoming altar of Fedhas.
  4967 | D:4      | Learned a level 3 spell: Conjure Flame
  4995 | D:4      | Found a radiant altar of Vehumet.
  5039 | D:4      | Became a worshipper of Vehumet
  5513 | D:5      | Found an iron altar of Okawaru.
  5689 | D:5      | Identified the +3 hand axe of Misery {vamp, Str+4 SInv}
  5868 | D:5      | Found a staircase to the Ecumenical Temple.
  5964 | D:5      | Noticed a yak
  5964 | D:5      | Noticed Lett1's ghost (amateur DrCj)
  5969 | D:5      | Found a transporter.
  5990 | D:5      | Reached * piety under Vehumet
  5990 | D:5      | Offered knowledge of Sandblast by Vehumet.
  6046 | D:5      | Found a transporter.
  6141 | D:5      | Reached skill level 1 in Shields
  6494 | D:5      | Offered knowledge of Freeze by Vehumet.
  6495 | D:5      | Reached skill level 1 in Earth Magic
  6503 | D:5      | Reached ** piety under Vehumet
  6504 | D:5      | Reached skill level 4 in Fighting
  6662 | D:5      | Gained mutation: Your touch may inflict minor irresistible
                  | damage on your foes. [demonic ancestry]
  6662 | D:5      | Reached XP level 8. HP: 54/60 MP: 12/14
  7711 | D:6      | Offered knowledge of Stone Arrow by Vehumet.
  8296 | D:3      | Found a hazy altar of Hepliaklqana.
  8496 | D:4      | Learned a level 3 spell: Stone Arrow
  8557 | D:6      | Reached skill level 5 in Fire Magic
  8736 | D:6      | Reached skill level 5 in Conjurations
  9415 | D:6      | Reached skill level 5 in Fighting
  9415 | D:6      | Reached skill level 5 in Spellcasting
  9846 | D:6      | Gained mutation: Your movements are less encumbered by
                  | armour. (ER -4) [demonic ancestry]
  9846 | D:6      | Reached XP level 9. HP: 42/68 MP: 4/16
 10830 | D:7      | Reached skill level 6 in Fighting
 11211 | D:7      | Found an ornate altar of the Wu Jian Council.
 11533 | D:7      | Reached *** piety under Vehumet
 12884 | D:9      | Found a broken altar of Ashenzari.
 12969 | D:9      | Reached skill level 7 in Fighting
 13050 | D:9      | Reached XP level 10. HP: 79/79 MP: 7/18
 13224 | D:9      | Found a snail-covered altar of Cheibriados.
 13232 | D:9      | Found a staircase to the Lair.
 13798 | D:9      | Learned a level 5 spell: Freezing Cloud
 13997 | D:8      | Offered knowledge of Hailstorm by Vehumet.
 14636 | D:9      | Noticed a manticore
 14649 | D:9      | Killed a manticore
 14814 | D:9      | Reached skill level 1 in Ice Magic
 14816 | D:9      | Reached skill level 1 in Air Magic
 15300 | D:9      | Reached skill level 8 in Fighting
 15368 | D:10     | Entered Level 10 of the Dungeon
 15405 | D:10     | Found a flagged portal.
 15501 | Bailey   | Entered a bailey
 15755 | Bailey   | Reached **** piety under Vehumet
 16409 | Bailey   | Noticed an orc knight
 16606 | Bailey   | Killed an orc knight
 16607 | Bailey   | Gained mutation: Spells you cast may paralyse adjacent
                  | enemies. [demonic ancestry]
 16607 | Bailey   | Reached XP level 11. HP: 73/87 MP: 12/20
 16876 | Bailey   | Reached skill level 12 in Fighting
 16876 | Bailey   | Reached XP level 12. HP: 102/102 MP: 21/21
 16918 | D:10     | Noticed a centaur warrior
 16929 | D:10     | Killed a centaur warrior
 17137 | D:10     | Reached skill level 5 in Earth Magic
 17170 | D:10     | Reached skill level 1 in Long Blades
 17202 | D:9      | Offered knowledge of Iskenderun's Battlesphere by Vehumet.
 18309 | D:10     | Found a runed translucent door.
 18310 | D:10     | Noticed a rakshasa
 18708 | D:11     | Found a gate leading to a gauntlet.
 18722 | Gauntlet | Entered a Gauntlet
 18722 | Gauntlet | Found a transporter.
 18725 | Gauntlet | Found a transporter.
 18727 | Gauntlet | Found a transporter.
 18742 | Gauntlet | Found a transporter.
 18745 | Gauntlet | Found a transporter.
 18752 | Gauntlet | Noticed a death scarab
 18754 | Gauntlet | Noticed a death scarab
 18756 | Gauntlet | Found a transporter.
 18772 | Gauntlet | Found a transporter.
 18781 | Gauntlet | Noticed a quicksilver ooze
 18783 | Gauntlet | Found a transporter.
 18790 | Gauntlet | Noticed a great orb of eyes
 18795 | Gauntlet | Found a transporter.
 18810 | Gauntlet | Found a transporter.
 18822 | Gauntlet | Found a runed translucent door.
 18824 | Gauntlet | Found a transporter.
 18824 | Gauntlet | Found a transporter.
 18824 | Gauntlet | Noticed a tengu warrior
 18827 | Gauntlet | Found a runed translucent door.
 18877 | Gauntlet | Found a transporter.
 18891 | Gauntlet | Found a transporter.
 19034 | D:11     | Found a runed translucent gate.
 19034 | D:11     | Found a runed translucent gate.
 19035 | D:11     | Found a runed translucent gate.
 19051 | D:11     | Found a staircase to the Orcish Mines.
 19066 | D:11     | Noticed Zouniz Rihu's ghost (novice DDFi)
 19066 | D:11     | Noticed a ten-headed hydra
 19618 | Lair:1   | Entered Level 1 of the Lair of Beasts
 20535 | Lair:1   | Noticed a seven-headed hydra
 20542 | Lair:1   | Killed a seven-headed hydra
 20746 | Lair:1   | Noticed a dire elephant
 20833 | Lair:1   | Found a runed translucent door.
 21501 | Lair:2   | Reached skill level 1 in Armour
 21915 | Lair:2   | Found a hole to the Spider Nest.
 21916 | Lair:2   | Reached ***** piety under Vehumet
 21916 | Lair:2   | Offered knowledge of Eringya's Noxious Bog by Vehumet.
 21924 | Lair:2   | Learned a level 6 spell: Eringya's Noxious Bog
 22227 | Lair:2   | Reached skill level 13 in Fighting
 22537 | Lair:2   | Noticed a catoblepas
 22572 | Lair:2   | Killed a catoblepas
 22573 | Lair:2   | Reached XP level 13. HP: 107/111 MP: 4/24
 23362 | Lair:2   | Reached skill level 1 in Poison Magic
 23476 | Lair:3   | Reached skill level 1 in Transmutations
 23573 | Lair:3   | Reached skill level 10 in Conjurations
 26648 | Lair:4   | Learned a level 5 spell: Borgnjor's Vile Clutch
 26999 | Lair:4   | Found a staircase to the Shoals.
 27221 | Lair:4   | Reached skill level 1 in Necromancy
 27236 | Lair:4   | Offered knowledge of Spellforged Servitor by Vehumet.
 28165 | Lair:5   | Found a viscous altar of Jiyva.
 28166 | Lair:5   | Found a staircase to the Slime Pits.
 29127 | Lair:5   | Gained mutation: Your touch may inflict irresistible damage
                  | on your foes. [demonic ancestry]
 29127 | Lair:5   | Reached XP level 14. HP: 119/119 MP: 21/25
 29403 | Lair:6   | Entered Level 6 of the Lair of Beasts
 30770 | Lair:6   | Reached skill level 14 in Fighting
 30770 | Lair:6   | Reached skill level 5 in Ice Magic
 31825 | Lair:6   | Offered knowledge of Yara's Violent Unravelling by Vehumet.
 32164 | Orc:1    | Entered Level 1 of the Orcish Mines
 32798 | D:3      | Killed Ablot's ghost
 33044 | D:5      | Killed Lett1's ghost
 35880 | D:12     | Reached skill level 5 in Long Blades
 37939 | Orc:1    | Paralysed by an orc sorcerer for 5 turns
 38414 | Orc:1    | Noticed Maurice
 38421 | Orc:1    | Killed Maurice
 38487 | Orc:1    | Noticed Nergalle
 38497 | Orc:1    | Killed Nergalle
 38617 | Orc:1    | Gained mutation: Spells you cast may paralyse nearby
                  | enemies. [demonic ancestry]
 38617 | Orc:1    | Reached XP level 15. HP: 126/127 MP: 8/27
 38728 | Orc:1    | You fall into a shaft and drop 1 floor!
 38728 | Orc:2    | Entered Level 2 of the Orcish Mines
 40055 | Orc:2    | Reached skill level 5 in Dodging
 40323 | Orc:2    | Found a staircase to the Elven Halls.
 40377 | Orc:2    | Offered knowledge of Conjure Ball Lightning by Vehumet.
 40567 | Orc:2    | Found Carrargh's Antique Armour Boutique.
 40567 | Orc:2    | Found Nigegial's Antique Armour Shoppe.
 40569 | Orc:2    | Found Ogacac's Book Emporium.
 40571 | Orc:2    | Found Buampuschoa's General Store.
 40999 | Orc:2    | Learned a level 3 spell: Ignite Poison
 41001 | Orc:2    | Bought a scroll of identify for 32 gold pieces
 41001 | Orc:2    | Bought a scroll of identify for 32 gold pieces
 41009 | Orc:2    | Bought a manual of Dodging for 1200 gold pieces
 41018 | Orc:2    | Bought a shiny plate armour for 624 gold pieces
 41036 | Orc:2    | Bought a potion of heal wounds for 80 gold pieces
 41036 | Orc:2    | Bought a scroll of teleportation for 48 gold pieces
 41036 | Orc:2    | Bought a scroll of teleportation for 48 gold pieces
 41036 | Orc:2    | Bought a potion of curing for 48 gold pieces
 42143 | D:13     | Noticed Josephine
 42377 | D:13     | Reached skill level 5 in Poison Magic
 42416 | D:13     | Reached skill level 5 in Necromancy
 43285 | D:13     | Killed Josephine
 43286 | D:13     | Reached skill level 5 in Armour
 43313 | D:13     | Reached skill level 15 in Fighting
 44003 | D:14     | Reached skill level 5 in Transmutations
 44478 | D:14     | Offered knowledge of Fireball by Vehumet.
 44698 | D:14     | Noticed Jorgrun
 45163 | D:14     | Identified the +3 spear "Oxepli" {freeze, Contam rC+++
                  | Dex+4}
 45395 | D:14     | Found a gate to the Vaults.
 45773 | D:14     | Identified the +7 dagger of Qezith {venom, Dex+4}
 45774 | D:14     | Gained mutation: Your touch may irresistibly damage your
                  | foes and sap their willpower. [demonic ancestry]
 45774 | D:14     | Reached XP level 16. HP: 126/136 MP: 21/29
 46414 | D:14     | Killed Jorgrun
 46532 | D:15     | Entered Level 15 of the Dungeon
 46909 | D:15     | Noticed Nessos
 46921 | D:15     | Killed Nessos
 47076 | D:15     | Found a frozen archway.
 47093 | IceCv    | Entered an ice cave
 47543 | IceCv    | Learned a level 5 spell: Fireball
 47944 | D:15     | Noticed Rupert
 47972 | D:15     | Paralysed by Rupert for 5 turns
 48049 | D:15     | Found a shimmering blue altar of Sif Muna.
 48102 | D:15     | Offered knowledge of Iron Shot by Vehumet.
 49481 | Shoals:1 | Entered Level 1 of the Shoals
 49936 | Shoals:1 | You fall into a shaft and drop 1 floor!
 50036 | Shoals:2 | Found Eaakhlof's Eclectic Emporium.
 50572 | Shoals:1 | Reached skill level 16 in Fighting
 51141 | D:10     | Identified a scroll of acquirement
 51142 | D:10     | Acquired a +1 demon blade of flaming
 51834 | Shoals:2 | Identified the +4 plate armour "Sef Beil" {-Cast rElec
                  | rCorr Dex+2}
 52285 | Shoals:2 | Bought a potion of experience for 550 gold pieces
 52285 | Shoals:2 | Bought a scroll of enchant weapon for 82 gold pieces
 52285 | Shoals:2 | Reached XP level 17. HP: 144/144 MP: 30/30
 53567 | Shoals:3 | Identified the +7 falchion "Toidwe" {elec, rF+ Str+3 Int+2
                  | Stlth+}
 53586 | Shoals:3 | Noticed a kraken
 53593 | Shoals:3 | Killed a kraken
 53594 | Shoals:3 | Gained mutation: Your movements are significantly less
                  | encumbered by armour. (ER -6) [demonic ancestry]
 53594 | Shoals:3 | Reached XP level 18. HP: 107/151 MP: 20/31
 54478 | Spider:1 | Entered Level 1 of the Spider Nest
 54484 | Spider:1 | Learned a level 4 spell: Olgreb's Toxic Radiance
 54489 | Spider:1 | Identified the +0 pair of gloves of Fashionability {rPois
                  | Dex+8}
 54913 | Spider:1 | Noticed Aizul
 54923 | Spider:1 | Killed Aizul
 55101 | Spider:1 | Found a runed translucent door.
 55101 | Spider:1 | Noticed Zeus21348's ghost (journeyman HOMo)
 55926 | Spider:2 | Reached skill level 10 in Spellcasting
 56883 | Spider:2 | Reached ****** piety under Vehumet
 57244 | Spider:2 | Offered knowledge of Starburst by Vehumet.
 57283 | Spider:2 | Found a hide-covered altar of Uskayaw.
 58395 | Spider:3 | Got Mijeh's Grimoire of Malediction
 58409 | Spider:3 | Learned a level 6 spell: Starburst
 59310 | Spider:2 | Found a hide-covered altar of Uskayaw.
 59972 | D:11     | Killed Zouniz Rihu's ghost
 60177 | D:15     | Noticed Kirke
 60185 | D:15     | Killed Kirke
 60673 | D:15     | Killed Rupert
 60941 | D:15     | Found a staircase to the Depths.
 60960 | D:15     | Found a staircase to the Depths.
 61582 | D:15     | Found a shimmering blue altar of Sif Muna.
 61808 | Orc:2    | Bought a shiny ring mail for 168 gold pieces
 61809 | Orc:2    | Bought a shiny ring mail for 217 gold pieces
 61848 | Elf:1    | Entered Level 1 of the Elven Halls
 62965 | Elf:1    | Reached skill level 17 in Fighting
 63371 | Elf:1    | Offered knowledge of Fire Storm by Vehumet.
 63371 | Elf:1    | Offered knowledge of Polar Vortex by Vehumet.
 63371 | Elf:1    | Offered knowledge of Ignition by Vehumet.
 63470 | Elf:1    | Found Biesel's General Store.
 63477 | Elf:1    | Bought a scroll of fear for 70 gold pieces
 63477 | Elf:1    | Bought a potion of curing for 60 gold pieces
 63672 | Elf:1    | Reached skill level 10 in Dodging
 63744 | Elf:1    | Got the Tome of the Entourage
 64155 | Elf:2    | Found Ycorep's Book Boutique.
 64163 | Elf:2    | Reached XP level 19. HP: 112/153 MP: 29/33
 64979 | Shoals:4 | Entered Level 4 of the Shoals
 65915 | Shoals:4 | Identified the ring "Tayteast" {rElec rPois rF+ Str-4}
 66580 | Shoals:4 | Paralysed by a sphinx for 2 turns
 66669 | Shoals:4 | Got a barnacled rune of Zot
 68322 | Spider:3 | Identified the +4 long sword "Jeont" {freeze, rPois rF+
                  | Int+2}
 68778 | Spider:4 | Entered Level 4 of the Spider Nest
 70752 | Spider:4 | Identified the +0 pair of gloves "Coan" {rPois Str+2 Int-4}
 70787 | Spider:4 | Got a gossamer rune of Zot
 71101 | Vaults:1 | Entered Level 1 of the Vaults
 71122 | Vaults:1 | Noticed Nikola
 71134 | Vaults:1 | Killed Nikola
 71416 | Vaults:1 | Gained mutation: Your presence sometimes corrodes those you
                  | injure. [demonic ancestry]
 71416 | Vaults:1 | Reached XP level 20. HP: 166/170 MP: 14/34
 71799 | Vaults:1 | Reached skill level 18 in Fighting
 72249 | Vaults:1 | Reached skill level 10 in Fire Magic
 72624 | Vaults:1 | Paralysed by a great orb of eyes for 7 turns
 72646 | Vaults:1 | Reached skill level 10 in Necromancy
 72921 | Vaults:1 | Found Deab's Book Shop.
 73250 | Vaults:1 | Reached skill level 10 in Transmutations
 74056 | Vaults:2 | Noticed Saint Roka
 74056 | Vaults:2 | Noticed Sojobo
 74141 | Vaults:2 | Found a runed translucent gate.
 74141 | Vaults:2 | Found a runed translucent gate.
 74142 | Vaults:2 | Found a runed translucent gate.
 74142 | Vaults:2 | Noticed Dacon's ghost (adept MiGl)
 74143 | Vaults:2 | Found the +1 cloak of Starlight {*Dazzle EV+4 Stlth--}
 74196 | Vaults:2 | Killed Saint Roka
 74209 | Vaults:2 | Paralysed by an air elemental for 1 turns
 75061 | Elf:3    | Entered Level 3 of the Elven Halls
 75090 | Elf:3    | Learned a level 2 spell: Blink
 75763 | Elf:3    | Reached skill level 1 in Translocations
 75872 | Elf:3    | Found Wewk's Antique Weapon Boutique.
 75874 | Elf:3    | Found Uraadd's Armour Shop.
 76160 | Elf:3    | Found Uraadd's Armour Shop.
 76160 | Elf:3    | Found Wewk's Antique Weapon Boutique.
 76995 | Elf:3    | Identified the +3 leather armour "Hoedghom" {Regen+ Int+3}
 77003 | Elf:3    | Identified the ring of Hezac {Fly rN+}
 77045 | Elf:3    | Identified the +4 long sword of the Red Skies {pain, Int+4}
 77054 | Elf:3    | Identified the +4 war axe of Xorer {elec, rF+ Will+ SInv}
 77062 | Elf:3    | Identified the +7 great sword of Somm {drain, rC+}
 77062 | Elf:3    | Identified the +0 robe of Ylah {Rampage Int+2}
 77070 | Elf:3    | Cast into level 3 of the Abyss (a deep elf demonologist)
 77491 | Abyss:4  | Noticed a profane servitor
 77515 | Abyss:5  | Entered Level 5 of the Abyss
 77545 | Abyss:5  | Found a corrupted altar of Lugonu.
 77551 | Abyss:5  | Found a corrupted altar of Lugonu.
 77598 | Abyss:5  | Noticed a bone dragon
 77804 | Elf:3    | Escaped the Abyss
 77869 | Elf:3    | Reached skill level 10 in Poison Magic
 78477 | Elf:3    | Found Uraadd's Armour Shop.
 78477 | Elf:3    | Found Wewk's Antique Weapon Boutique.
 78747 | Elf:3    | Identified the +7 halberd "Faecepr Raca" {elec, rElec Str-5
                  | Int-3 Dex+9}
 78756 | Elf:3    | Gained mutation: Your presence sometimes corrodes or
                  | deforms those you injure. [demonic ancestry]
 78756 | Elf:3    | Reached XP level 21. HP: 177/178 MP: 33/36
 78860 | Elf:3    | Identified the +1 robe "Biomoeh" {Str+5 Stlth-}
 79132 | Elf:3    | Identified the +11 hand axe of Indignation {freeze, rC++
                  | rN+ Dex-3 Stlth+}
 79145 | Elf:3    | Got the Reference Book on Ensnaring Transformation
 79149 | Elf:3    | Got Fucw's Handbook of Earth and Lightness
 79200 | Elf:3    | Identified the +3 chain mail of Jeasosme {rElec SInv}
 79612 | Shoals:2 | Bought a manual of Earth Magic for 880 gold pieces
 79612 | Shoals:2 | Bought a scroll of enchant armour for 82 gold pieces
 81364 | Vaults:2 | Found a portal to a secret trove of treasure.
 81436 | Vaults:2 | Identified the +6 shortbow "Hell-Harrower" {venom, rElec
                  | rPois rF- rCorr}
 81439 | Vaults:2 | Found an iron altar of Okawaru.
 81461 | Vaults:2 | Killed Sojobo
 81713 | Vaults:2 | Found a portal to a secret trove of treasure.
 81981 | Vaults:2 | You paid a toll of 7 potions of haste to enter a treasure
                  | trove
 81982 | Trove    | Entered a treasure trove
 82021 | Trove    | Identified the ring of Qidech {rF+ Int+6 Dex+5}
 82023 | Trove    | Identified the ring "Apuinuq" {rElec rF- rC+++ Will++
                  | rCorr}
 82025 | Trove    | Identified the ring "Awo Moe" {Will+ Dex+6}
 82035 | Trove    | Identified the +2 chain mail "Cair" {*Slow rN++ Regen+
                  | rCorr}
 82618 | Vaults:3 | Reached skill level 10 in Long Blades
 82947 | Vaults:3 | Found Lutaqaism's Antique Armour Shop.
 83005 | Vaults:3 | Noticed Asterion
 83016 | Vaults:3 | Killed Asterion
 83017 | Vaults:3 | Reached skill level 19 in Fighting
 83348 | Vaults:3 | Found a staircase to the Crypt.
 84288 | Vaults:4 | Learned a level 6 spell: Iron Shot
 84495 | Vaults:4 | Found a huge runed gate.
 84497 | Vaults:4 | Found a huge runed gate.
 84498 | Vaults:4 | Found a huge runed gate.
 84498 | Vaults:4 | Found a huge runed gate.
 84499 | Vaults:4 | Found a huge runed gate.
 84499 | Vaults:4 | Found a huge runed gate.
 84501 | Vaults:4 | Found a huge runed gate.
 84501 | Vaults:4 | Found a huge runed gate.
 84502 | Vaults:4 | Found a huge runed gate.
 84502 | Vaults:4 | Found a huge runed gate.
 84502 | Vaults:4 | Found a huge runed gate.
 84502 | Vaults:4 | Found a huge runed gate.
 84502 | Vaults:4 | Found a huge runed gate.
 84503 | Vaults:4 | Found a huge runed gate.
 84504 | Vaults:4 | Found a huge runed gate.
 85303 | Vaults:3 | Found Qared's Antique Armour Boutique.
 85311 | Vaults:3 | Bought a pearl-encrusted plate armour for 924 gold pieces
 85311 | Vaults:3 | Identified the +0 plate armour "Damnable Contraption"
                  | {rElec rC++ rCorr} (You bought it in a shop on level 3 of
                  | the Vaults)
 85391 | Vaults:4 | Found a huge runed gate.
 85392 | Vaults:4 | Found a huge runed gate.
 85400 | Vaults:4 | Found a huge runed gate.
 85400 | Vaults:4 | Found a huge runed gate.
 85400 | Vaults:4 | Found a huge runed gate.
 85400 | Vaults:4 | Found a huge runed gate.
 85400 | Vaults:4 | Found a huge runed gate.
 85400 | Vaults:4 | Found a huge runed gate.
 85401 | Vaults:4 | Found a huge runed gate.
 85402 | Vaults:4 | Found a huge runed gate.
 85403 | Vaults:4 | Found a huge runed gate.
 85413 | Vaults:4 | Found a huge runed gate.
 85413 | Vaults:4 | Found a huge runed gate.
 85413 | Vaults:4 | Found a huge runed gate.
 85413 | Vaults:4 | Found a huge runed gate.
 85413 | Vaults:4 | Found a huge runed gate.
 85413 | Vaults:4 | Found a huge runed gate.
 85414 | Vaults:4 | Found a huge runed gate.
 85886 | Vaults:4 | Noticed Frederick
 86043 | Vaults:4 | Found a huge runed gate.
 86044 | Vaults:4 | Found a huge runed gate.
 86052 | Vaults:4 | Found a huge runed gate.
 86129 | Vaults:4 | Killed Frederick
 86647 | Vaults:4 | Gained mutation: You regenerate a lot of health from kills.
                  | [demonic ancestry]
 86647 | Vaults:4 | Reached XP level 22. HP: 180/188 MP: 15/38
 87127 | Vaults:4 | Reached skill level 10 in Armour
 88786 | Depths:1 | Entered Level 1 of the Depths
 89127 | Depths:1 | Found a one-way gate to the infinite horrors of the Abyss.
 89246 | Depths:1 | Found a gateway to Hell.
 89776 | Depths:1 | Found a stormy altar of Qazlal.
 90633 | Depths:2 | Noticed a golden dragon
 91364 | Depths:2 | Found a one-way gate leading to the halls of Pandemonium.
 93059 | Depths:2 | Identified the +1 scale mail of Proximity {Harm Will+ SInv}
 93333 | Depths:2 | Found Zittujeh's Armour Boutique.
 93708 | Depths:2 | Reached skill level 15 in Conjurations
 94149 | Depths:2 | Killed a golden dragon
 94399 | Depths:2 | Found a one-way gate leading to the halls of Pandemonium.
 94439 | Depths:2 | Found Zittujeh's Armour Boutique.
 95109 | Depths:3 | Found a one-way gateway to a ziggurat.
 95479 | Depths:3 | Reached skill level 20 in Fighting
 95675 | Depths:3 | Acquired 925 gold pieces
 96041 | Depths:3 | Reached XP level 23. HP: 196/196 MP: 20/40
 97511 | Depths:4 | Entered Level 4 of the Depths
 97691 | Depths:4 | Reached skill level 10 in Earth Magic
 98284 | Depths:4 | Identified the +8 long sword of Eternal Vigilance {vorpal,
                  | rPois Will+ Str+4}
 99447 | Depths:4 | Upgraded the game from 0.28.0-1-gb440e238dd to
                  | 0.28.0-43-g3370ac3207
 99937 | Spider:1 | Killed Zeus21348's ghost
100785 | Depths:4 | Identified the +0 pair of gloves "Luseunwi" {rF+++ Regen+
                  | Int+7}
101548 | Depths:4 | Found a gate to the Realm of Zot.
103286 | Vaults:4 | Identified the +3 robe "Munar" {Int+4}
103614 | Vaults:5 | Entered Level 5 of the Vaults
103900 | Vaults:5 | Reached skill level 15 in Dodging
103907 | Vaults:5 | Noticed a dread lich
104048 | Vaults:5 | Killed a dread lich
104406 | Vaults:5 | Reached XP level 24. HP: 130/206 MP: 8/41
104406 | Vaults:5 | Identified the +8 spear "Tunoij" {antimagic, rF++ rN+
                  | Int+3}
105150 | Vaults:5 | Identified the +2 morningstar "Poiriyj" {freeze, SInv}
105635 | Vaults:5 | Identified the ring "Mosox" {Fly Str+4}
105687 | Vaults:5 | Found the +9 staff of Olgreb {rPois∞}
105700 | Vaults:5 | Got the Grimoire of Hexes
105716 | Vaults:5 | Got a silver rune of Zot
106208 | Vaults:5 | Found the +3 hat of Pondering {ponderous, Will+ MP+10
                  | Int+5}
106289 | Vaults:5 | Noticed a dread lich
106600 | Vaults:5 | Killed a dread lich
106613 | Vaults:5 | Reached skill level 21 in Fighting
107401 | Vaults:5 | Identified the +6 scimitar "Wudeu" {elec, rPois rF++ rC-
                  | Str+2}
108022 | Vaults:2 | Found a runed translucent gate.
108022 | Vaults:2 | Found a runed translucent gate.
108026 | Vaults:2 | Found a runed translucent gate.
108638 | Vaults:2 | Found an iron altar of Okawaru.
109432 | Vaults:2 | Found an iron altar of Okawaru.
110060 | Zig:1    | Entered Level 1 of a ziggurat
110152 | Zig:2    | Entered Level 2 of a ziggurat
110247 | Zig:3    | Entered Level 3 of a ziggurat
110303 | Zig:4    | Entered Level 4 of a ziggurat
110455 | Zig:5    | Entered Level 5 of a ziggurat
110772 | Zig:5    | Found the +3 sling "Punk" {acid, rCorr}
110780 | Zig:5    | Identified the +4 shortbow of Ashenzari's Esteem {venom,
                  | rF+++ rCorr Stlth-}
110788 | Zig:5    | Identified the +10 great sword "Death Rattle" {vorpal, rF-
                  | rC+ rN+ Str+5}
110796 | Zig:6    | Entered Level 6 of a ziggurat
110852 | Zig:7    | Entered Level 7 of a ziggurat
111012 | Zig:7    | Identified the ring "Wasoit" {rElec EV+4}
111363 | Zot:1    | Entered Level 1 of the Realm of Zot
111376 | Zot:1    | Demolished by a golden dragon

Illustrated notes

Levels and vault maps discovered:
D:1:      dpeg_arrival_arbitrary_c, layout_basic,
          hellmonk_ecumenical_altar_crossroads
D:2:      layout_rooms, uniq_natasha
D:3:      layout_loops_corners, grunt_temple_overflow_champion_of_chaos,
          marbit_many_paths, mainiacjoe_overflow_surrounded_room,
          biasface_ghost_orc_armoury, st_stairs_10, grunt_ministairs_1,
          nrook_mini_vaults, chequers_serial_rivers_micro_a, uniq_robin
D:4:      layout_rooms, fedhas_altar_fruit_tree, mainiacjoe_overflow_24_doors,
          serial_park_tiny_pond
D:5:      minmay_goblin_kobold_castle, layout_rooms,
          kennysheep_okawaru_gauntlet, minmay_temple_entry_water_ring,
          gammafunk_ghost_arena, chequers_arboretum
D:6:      layout_loops_corners, lemuel_crystal_altar, minmay_tree_intersection
D:7:      layout_basic, nicolae_overflow_hidden_temple
D:8:      layout_rooms
D:9:      layout_gridville, evilmike_ruin_ashenzari, slow_altar_1,
          david_lair_generic, nicolae_water_bricks
D:10:     minmay_skewed_foursquare, layout_basic, lemuel_tele_altar,
          enter_bailey_4, wad_hexagon
D:11:     layout_roguey, orc_0_dummy, gauntlet_entry_generic,
          gammafunk_ghost_hydra_chop, david_greed
D:12:     layout_rooms
D:13:     hangedman_screamer, layout_rooms, corexii_hall_statues_x
D:14:     minmay_the_grid_net [minmay_the_grid_minigrid_small,
          minmay_the_grid_plusring, minmay_the_grid_spin_star,
          minmay_the_grid_spikes, minmay_the_grid_slots,
          minmay_the_grid_prize_trominoes], layout_long_grid, david_vaults_1,
          dk_noncrumbling_2, kennysheep_path_1, serial_bayou_ford_a,
          minmay_joined_circles, uniq_jorgrun
D:15:     grunt_enter_depths_snipers, layout_basic,
          portal_ice_cave_entry_ice_statue_one, grunt_decor_junction,
          minmay_fountain_box, lemuel_blue_sif_altar, uniq_nessos, uniq_kirke,
          uniq_rupert
Lair:1:   gammafunk_lair_enchanted_lake, layout_cave_pods, grunt_megastairs_1,
          infiniplex_staircase_pool_2
Lair:2:   layout_layer_cave, spider_nest_entry_rubble, minmay_hedge_maze,
          lemuel_fruit_tree, serial_bayou_shore_a
Lair:3:   regret_index_harrowing_hell_hive, layout_gridlike
Lair:4:   layout_gridlike, shoals_dummy_entry, grunt_megastairs_3,
          infiniplex_staircase_pool, uniq_josephine
Lair:5:   statuecave_lemuel, layout_hall_layers, slime_altar_1, st_stairs_6
Lair:6:   due_jungle_book, layout_small_grid, nicolae_lair_liquid_snakes
Shoals:1: layout_shoals
Shoals:2: argonaut_golden_fleece, layout_shoals, nicolae_alphabet_shops
Shoals:3: layout_shoals
Shoals:4: shoals_end_hellmonk_lost_city
Spider:1: layout_spider_delve, gammafunk_ghost_grave, uniq_aizul
Spider:2: spiders_nest_scorpion_pit, nicolae_spider_altar_of_dancing,
          hangedman_spider_tarantella_strand
Spider:3: layout_spider_delve, nicolae_spider_eight_legs
Spider:4: spider_rune_water
Orc:1:    layout_caves, uniq_maurice, uniq_nergalle
Orc:2:    st_orc_rangers, layout_caves
Elf:1:    minmay_elf_arrival_summoners, layout_loops_corners, serial_shops,
          nicolae_diamond_shop, minmay_elf_sorcery
Elf:2:    nicolae_elf_blades_crystal_corner, layout_gridlike, serial_shops, shop
Elf:3:    elf_hall, layout_geoelf_octagon, minmay_shoptagon
Vaults:1: v_misc_5, vaults_room_stairs_pillars, vaults_room_mumra_shop_pool,
          nicolae_vaults_windows_and_doors_thing, nicolae_vaults_rhombus_6,
          v_misc_9, nicolae_vaults_alarming, vaults_room_grunt_arrival_ludios,
          v_misc_12, layout_vaults_quadrants, uniq_nikola
Vaults:2: gammafunk_ghost_fury_of_okawaru, hangedman_vaults_nails, v_misc_5,
          serial_ice_h, vaults_room_door_hall, vaults_mumra_bighexcomb,
          hangedman_vaults_stagger, v_rooms_3, vaults_mumra_minichess_inversion,
          vaults_mumra_chevron, layout_vaults_omnicross, enter_trove_6,
          uniq_saint_roka, uniq_sojobo
Vaults:3: hangedman_vaults_variations, minmay_crypt_entry_simple_sparse,
          ontoclasm_vaults_twist, v_pattern_2, nicolae_vaults_network_s,
          ontoclasm_vaults_idyll, nicolae_vaults_specimen_jars,
          vaults_mumra_hex, nicolae_vaults_big_angled_halls, v_misc_29,
          hangedman_vaults_stitches, nicolae_vaults_diagonal_hallway_8,
          ontoclasm_vaults_shuriken, v_misc_15, ontoclasm_vaults_ring_small,
          layout_vaults_maze_snakey, serial_shops, shop, shop, uniq_asterion
Vaults:4: hangedman_vaults_locks, door_vault, hangedman_vaults_trim,
          nicolae_vaults_stairing_the_circle, vaults_dpeg_hooks,
          nicolae_vaults_border_crossing, ontoclasm_vaults_claustrophobia,
          layout_vaults_omnibox, uniq_frederick
Vaults:5: serial_shops
Depths:1: layout_basic, grunt_qazlal_clouds, hell_entry, abyss_entry_glasseish,
          nicolae_figureground_pulse, serial_bayou_shore_b
Depths:2: minmay_thinvault, layout_gridlike, hell_entry, serial_shops,
          nicolae_shop_hallway_plus, grunt_pan_entry_zigzag,
          infiniplex_staircase_spiral_double, grunt_megastairs_4
Depths:3: minmay_dotted_concentric_squares, layout_cave_shapes,
          enter_ziggurat_e, abyss_entry_crystal, hell_entry,
          chequers_serial_rivers_large_a, minmay_staircase_bubble
Depths:4: grunt_zot_entry_hairpin, layout_basic, hell_entry, st_stairs_10
Zot:1:    layout_onion, evilmike_ambush [evilmike_ambush_outer_basic,
          evilmike_ambush_inner_basic]

Skill      XL: |  1  2  3  4  5  6  7  8  9 10 11 12 13 14 15 16 17 18 19 20 21 22 23 24 |
---------------+-------------------------------------------------------------------------+-----
Fighting       | 1 2 3 4 5 7 8 12 13 14 15 16 17 18 19 20 21 | 21.2
Fire Magic     | 3 4 5 6 7 8 9 10 11 12 | 12.5
Conjurations   | 2 3 4 5 7 8 9 10 11 12 13 14 15 | 15.9
Spellcasting   | 3 4 5 6 7 8 9 10 11 12 13 14 | 14.9
Shields        | 1 2 |  2.2
Earth Magic    | 1 2 3 4 5 6 8 9 11 | 11.7
Ice Magic      | 2 3 4 5 6 |  6.0
Air Magic      | 2 3 4 |  4.0
Long Blades    | 2 4 5 6 7 8 9 10 11 12 | 12.0
Dodging        | 2 3 4 6 8 10 11 12 13 14 15 | 15.5
Armour         | 1 3 4 5 6 7 8 9 10 11 | 11.5
Poison Magic   | 3 4 5 6 7 8 9 10 | 10.0
Transmutations | 2 4 5 7 8 9 10 | 10.1
Necromancy     | 2 4 5 7 8 9 10 11 12 13 | 13.4
Translocations | 2 3 |  3.0
Stealth        | |  1.7

Action                   |  1- 3 |  4- 6 |  7- 9 | 10-12 | 13-15 | 16-18 | 19-21 | 22-24 || total
-------------------------+-------+-------+-------+-------+-------+-------+-------+-------++-------
Melee: Unarmed           |     3 |       |       |       |       |       |       |       ||     3
       Dagger            |    12 |    12 |       |       |       |       |       |       ||    24
       Club              |     4 |       |       |       |       |       |       |       ||     4
       Hand axe          |       |    10 |       |       |     1 |       |       |       ||    11
       Long sword        |       |     3 |    81 |    82 |   280 |       |    26 |    28 ||   500
       Touch             |       |       |     9 |    27 |    84 |    44 |   189 |   134 ||   487
       War axe           |       |       |       |     1 |    11 |       |       |       ||    12
       Punch             |       |       |       |     2 |    13 |     5 |    20 |    14 ||    54
       Triple sword      |       |       |       |       |     8 |       |       |       ||     8
       Scimitar          |       |       |       |       |       |    77 |       |       ||    77
       Demon blade       |       |       |       |       |       |    47 |   261 |   407 ||   715
       Falchion          |       |       |       |       |       |    75 |   412 |   129 ||   616
 Cast: Foxfire           |    36 |    74 |   191 |    31 |   193 |       |       |       ||   525
       Scorch            |     3 |    18 |    91 |     6 |   148 |     3 |       |       ||   269
       Conjure Flame     |       |       |     7 |     6 |    25 |     1 |       |       ||    39
       Stone Arrow       |       |       |    46 |   318 |   814 |   389 |   364 |       ||  1931
       Freezing Cloud    |       |       |       |       |    46 |    36 |   100 |    16 ||   198
       Fireball          |       |       |       |       |       |   218 |   100 |   111 ||   429
       Eringya's Noxious |       |       |       |       |       |    20 |    35 |    45 ||   100
       Olgreb's Toxic Ra |       |       |       |       |       |    19 |    81 |     2 ||   102
       Borgnjor's Vile C |       |       |       |       |       |    14 |    92 |    46 ||   152
       Ignite Poison     |       |       |       |       |       |     7 |    10 |     6 ||    23
       Starburst         |       |       |       |       |       |     1 |    65 |    44 ||   110
       Blink             |       |       |       |       |       |       |     1 |     4 ||     5
       Iron Shot         |       |       |       |       |       |       |    29 |   471 ||   500
Evoke: Wand              |       |       |     1 |    26 |    26 |    19 |     5 |     2 ||    79
  Use: Scroll            |       |     6 |     9 |     2 |    11 |    21 |    12 |    19 ||    80
       Potion            |       |     2 |     7 |     2 |       |    10 |    18 |     2 ||    41
 Stab: Sleeping          |     3 |     1 |     4 |       |     1 |     1 |     7 |     3 ||    20
       Paralysed         |       |       |       |    11 |   106 |    41 |    94 |    46 ||   298
       Distracted        |       |       |       |       |       |       |       |     1 ||     1
Armor: Robe              |     7 |    11 |    20 |       |       |    14 |       |       ||    52
       Skin              |       |    14 |    45 |       |       |       |       |       ||    59
       Ring mail         |       |       |    26 |    58 |   147 |    99 |   216 |    62 ||   608
       Plate armour      |       |       |       |       |   156 |     1 |       |       ||   157
       Chain mail        |       |       |       |       |       |    12 |       |       ||    12
       Quicksilver drago |       |       |       |       |       |       |       |   120 ||   120
Dodge: Dodged            |    18 |    41 |   126 |   155 |   703 |   453 |   808 |   685 ||  2989
       Repelled          |       |       |     1 |     1 |    14 |    13 |    20 |    26 ||    75
Block: Buckler           |       |       |    26 |       |       |       |       |       ||    26
